 Dungeon Crawl Stone Soup version 0.22-a0-305-gd21a89c (webtiles) character file.

49 xccam the Cudgeler (level 3, -1/29 HPs)
             Began as a Demonspawn Monk on Mar 29, 2018.
             Slain by Crazy Yiuf
             ... wielding a +4 quarterstaff of chaos
              (12 damage)
             ... on level 2 of the Dungeon.
             The game lasted 00:03:05 (1328 turns).

xccam the Cudgeler (Demonspawn Monk)                Turns: 1328, Time: 00:03:06

Health: -1/29      AC:  5    Str: 12    XL:     3   Next: 53%
Magic:  3/3        EV: 12    Int: 11    God:
Gold:   86         SH:  3    Dex: 15    Spells: 2/2 levels left

rFire    . . .     SeeInvis .   a - +0 mace
rCold    . . .     Gourm    .   e - +0 buckler
rNeg     . . .     Faith    .   b - +0 robe
rPois    .         Spirit   .   (no helmet)
rElec    .         Reflect  .   (no cloak)
rCorr    .         Harm     .   (no gloves)
MR       +....                  (no boots)
Stlth    ++........             (no amulet)
HPRegen  0.09/turn              i - ring of protection from magic
MPRegen  0.08/turn              (no ring)

@: drained
A: molten scales 2
a: no special abilities


You were on level 2 of the Dungeon.
You were hungry.

You visited 1 branch of the dungeon, and saw 2 of its levels.

You collected 86 gold pieces.

Inventory:

Hand Weapons
 a - a +0 mace (weapon)
Armour
 b - a +0 robe (worn)
 e - a +0 buckler (worn)
Jewellery
 i - a ring of protection from magic (left hand)
 m - an uncursed ring of fire {unknown}
Scrolls
 d - 2 scrolls of immolation {unknown}
 f - a scroll of enchant armour {unknown}
 h - a scroll of identify {unknown}
 j - a scroll of fear {unknown}
 k - a scroll of remove curse {unknown}
 l - a scroll of teleportation {unknown}
Potions
 g - a potion of brilliance {unknown}
Comestibles
 c - a ration


   Skills:
 - Level 3.0(2.7) Fighting
 + Level 4.2(3.9) Maces & Flails
 - Level 2.6(2.4) Dodging
 - Level 1.7(1.5) Stealth


You had 2 spell levels left.
You didn't know any spells.

Dungeon Overview and Level Annotations

Branches:
Dungeon (2/15)

Altars:

Annotations:
D:2 Crazy Yiuf


Innate Abilities, Weirdness & Mutations

You are mostly covered in molten scales. (AC +3)


Message History

Crazy Yiuf the Enlightened comes into view.
He is wielding a quarterstaff of chaos.
Found a mace.
There is an open door here.
Crazy Yiuf shouts!
Crazy Yiuf hits you but does no damage.
You feel drained.
You are feeling hungry.
You barely miss Crazy Yiuf. Crazy Yiuf closely misses you.
You hit Crazy Yiuf.
Crazy Yiuf is lightly wounded.
Crazy Yiuf closely misses you.
Crazy Yiuf hits you with a quarterstaff of chaos!
You sock Crazy Yiuf!
Crazy Yiuf is heavily wounded.
Crazy Yiuf hits you with a quarterstaff of chaos.
You convulse.
You hit Crazy Yiuf but do no damage.
Crazy Yiuf is heavily wounded.
Crazy Yiuf laughs, "Fire tired eyeball!"
Crazy Yiuf hits you with a quarterstaff of chaos!
You die...

##### ######
#)..### #....##
#g@.'.#####.....#
#...##..#.......#
#
########.#....#.#
# ########.###
#..... ##.### #.#
# #.# # ..# #


You could see Crazy Yiuf.

Vanquished Creatures
  A worm (D:2)
  3 dart slugs (D:1)
  3 leopard geckos (D:1)
  5 goblins
  6 hobgoblins (D:1)
  2 jackals (D:1)
  5 kobolds (D:1)
  A ball python (D:1)
  2 bats
  2 frilled lizards (D:1)
  6 rats (D:1)
36 creatures vanquished.

Notes
Turn   | Place    | Note
-------+----------+-------------------------------------------
     0 | D:1      | xccam the Demonspawn Monk began the quest for the Orb.
     0 | D:1      | Reached XP level 1. HP: 18/18 MP: 1/1
    77 | D:1      | Reached skill level 3 in Maces & Flails
   370 | D:1      | Gained mutation: You are partially covered in molten scales. (AC +2) [demonic ancestry]
   370 | D:1      | Reached XP level 2. HP: 12/24 MP: 2/2
   829 | D:1      | Gained mutation: You are mostly covered in molten scales. (AC +3) [demonic ancestry]
   829 | D:1      | Reached XP level 3. HP: 23/29 MP: 3/3
   850 | D:1      | Reached skill level 4 in Maces & Flails
  1317 | D:2      | Found a runed door.
  1321 | D:2      | Noticed Crazy Yiuf
  1328 | D:2      | Slain by Crazy Yiuf

Vault maps used:
D:1:      dpeg_arrival_water_fire, kennysheep_crisscross
D:2:      gammafunk_temple_overflow_elements, corexii_item_surrounded_by_moat,
          uniq_crazy_yiuf_cottage

Skill      XL: |  1  2  3 |
---------------+----------+-----
Maces & Flails | 3 4 |  4.2
Fighting       | |  3.0
Dodging        | |  2.6
Stealth        | |  1.7

Action                   || total
-------------------------++-------
Melee: Mace              ||   116
 Stab: Sleeping          ||     5
  Eat: Chunk             ||     1
Armor: Robe              ||    39
Dodge: Dodged            ||    78
Block: Buckler           ||    14

Table legend:
 A = Spawn XP
 B = Non-spawn XP
 C = Spawn XP percentage of total XP
 D = Spawn monster count
 E = Non-spawn monster count
 F = Spawn count percentage of total count
 G = Total turns spent on level
                    A         B        C        D         E        F      G
               +---------+---------+-------+---------+---------+-------+---------
         Total |       0 |      71 |   0.0 |       0 |      36 |   0.0 |  1328
               +---------+---------+-------+---------+---------+-------+---------
           D:1 |       0 |      63 |   0.0 |       0 |      33 |   0.0 |  1103
           D:2 |       0 |       8 |   0.0 |       0 |       3 |   0.0 |   225
               +---------+---------+-------+---------+---------+-------+---------
